 Dungeon Crawl Stone Soup version 0.28.0 (webtiles) character file.

Game seed: 8697031817646154916

53431 ProzacElf the Hand of Fortune (level 15, -6/103 HPs)
             Began as a Djinni Hedge Wizard on Feb 13, 2022.
             Was the Champion of Nemelex Xobeh.
             Blown up by an eye of devastation (25 damage)
             ... with a bolt of energy
             ... on level 6 of the Lair of Beasts on Feb 14, 2022.
             The game lasted 01:18:49 (33405 turns).

ProzacElf the Hand of Fortune (DjWz)               Turns: 33405, Time: 01:18:50

Health: -6/103     AC: 11    Str: 11    XL:     15   Next: 10%
Gold:   537        EV: 16    Int: 19    God:    Nemelex Xobeh [******] SH:  3 Dex: 15

rFire   + . .      SeeInvis +   b - +4 spear (vamp)
rCold   . . .      Faith    .   u - +0 buckler
rNeg    . . .      Spirit   .   o - +2 robe {Will+}
rPois   ∞          Reflect  .   n - +0 helmet
rElec   .          Harm     .   f - scarf {shadows}
rCorr   .          Rampage  .   I - +1 pair of gloves
Will    ++...                   (boots unavailable)
Stlth   ++++......              (no amulet)
HPRegen 0.27/turn               C - +4 ring of protection
MPRegen 0.00/turn               e - ring of ice

@: flying
A: sickness immunity, fire resistance 2, cold vulnerability 1, float, innate
caster, HP casting, extra vitality 1, see invisible, screaming 1
a: Renounce Religion, Draw Escape, Draw Destruction, Draw Summoning, Triple
Draw, Deal Four, Stack Five


You were on level 6 of the Lair of Beasts.
You worshipped Nemelex Xobeh.
Nemelex Xobeh was exalted by your worship.
You visited 3 branches of the dungeon, and saw 17 of its levels.
You also visited: Ossuary.

You collected 677 gold pieces.
You spent 140 gold pieces at shops.

Inventory:

Hand Weapons
 a - a +3 dagger of venom
 b - a +4 vampiric spear (weapon)
 h - a +1 war axe of flaming
 v - a +0 scimitar
 O - a +3 mace of holy wrath
 Y - a +3 trident
Missiles
 g - 470 stones
 p - 4 curare-tipped darts
 s - 121 bolts
 z - 6 silver boomerangs
 A - 20 poisoned darts
 B - 8 boomerangs
 Q - 2 throwing nets
Armour
 f - a scarf of shadows (worn)
 n - a +0 helmet (worn)
 o - a +2 robe of willpower (worn)
 t - +0 steam dragon scales
 u - a +0 buckler (worn)
 w - a scarf of invisibility
 y - a +0 ring mail of positive energy
 I - a +1 pair of gloves (worn)
 J - the +1 robe of Zin {Rampage Str+5 Dex+2}
   (You took it off a kobold brigand on level 9 of the Dungeon)

   Str:       It affects your strength (+5).
   Dex:       It affects your dexterity (+2).
   Rampage:   It bestows one free step when moving towards enemies.
 N - +2 acid dragon scales
 U - the +1 ring mail of the Orb {+Inv rF+ Str+4 Dex-4}
   (You found it on level 2 of the Lair of Beasts)

   Str:       It affects your strength (+4).
   Dex:       It affects your dexterity (-4).
   rF:        It protects you from fire.
   +Inv:      It lets you turn invisible.
Jewellery
 e - a ring of ice (right hand)
 C - a +4 ring of protection (left hand)
 L - a ring of ice
 V - a ring of resist corrosion
 W - a ring of wizardry
Wands
 c - a wand of paralysis (9)
 j - a wand of flame (14)
 F - a wand of polymorph (6)
Scrolls
 d - 2 scrolls of fog
 i - 3 scrolls of vulnerability
 x - 2 scrolls of silence
 E - 3 scrolls of identify
 G - a scroll of enchant armour
 H - 2 scrolls of blinking
 P - 7 scrolls of teleportation
 R - a scroll of immolation
 T - a scroll of magic mapping
 X - a scroll of enchant weapon
Potions
 k - a potion of brilliance
 l - 5 potions of might
 m - a potion of attraction
 q - 3 potions of haste
 r - 6 potions of curing
 D - a potion of cancellation
 K - a potion of heal wounds
 S - 2 potions of berserk rage
 Z - 10 potions of ambrosia {!e}


   Skills:
 + Level 8.3 Fighting
 - Level 10.0 Dodging
 + Level 7.8 Stealth
 - Level 10.0 Spellcasting
 - Level 15.0 Invocations
 - Level 8.0 Evocations


You couldn't memorise any spells.
You knew the following spells:

 Your Spells              Type           Power      Damage    Failure   Level
a - Magic Dart            Conj           100%       1d8       1%          1
b - Call Imp              Summ           47%        N/A       1%          2
c - Mephitic Cloud        Conj/Pois/Air  47%        N/A       1%          3
d - Conjure Flame         Conj/Fire      47%        6-21      1%          3
e - Lesser Beckoning      Tloc           47%        N/A       1%          3
f - Pain                  Necr           100%       1d9       1%          1
g - Passwall              Tmut/Erth      39%        N/A       1%          2
h - Inner Flame           Hex/Fire       47%        N/A       1%          3
i - Summon Lightning Spi  Summ/Air       47%        N/A       1%          4
j - Freezing Cloud        Conj/Ice/Air   31%        6-21      4%          5
k - Iron Shot             Conj/Erth      23%        9d5       26%         6
o - Blink                 Tloc           94%        N/A       1%          2
v - Slow                  Hex            100%       N/A       1%          1
Your spell library was empty.

Dungeon Overview and Level Annotations

Branches:
Dungeon (10/15)            Temple (1/1) D:7            Lair (6/6) D:8
  Swamp (0/4) Lair:3        Snake (0/4) Lair:3      Ossuary (visited)
  Slime: Lair:5-6       Orc: D:9-12

Altars:
Ashenzari
Cheibriados
Dithmenos
Elyvilon
Fedhas
Gozag
Hepliaklqana
Kikubaaqudgha
Makhleb
Nemelex Xobeh
Okawaru
Qazlal
Ru
Sif Muna
Trog
Uskayaw
Vehumet
Wu Jian
Xom
Yredelemnul
Zin
The Shining One

Shops:
D:7 :   D:8 *

Annotations:
D:6 2 transporters, freelancePsychic's ghost, amateur SpSu
D:8 1 runed translucent door, DemonSlayer's ghost, novice DEWz
Lair:1 3 runed translucent doors, Dunwar's ghost, journeyman GnCK


Innate Abilities, Weirdness & Mutations

You are immune to sickness and miasma.
You are immune to poison.
Your flesh is very heat resistant. (rF++)
You are vulnerable to cold. (rC-)
You float through the air rather than walking.
You learn spells naturally, not from books.
Your magical power is your life essence.
You have superior vitality. (+4 MHP)
You have supernaturally acute eyesight. (SInv)
You occasionally shout uncontrollably at your foes.


Message History

Tha eye o' devastation gazes at ye.
Tha bolt o' energy hits ye!!!
Ye take 41 damage, an' haf 60/103 hp.
MASSIVE DAMAGE!!
Ye hit tha cane toad.
Ye feel better.
Tha cane toad be severely wounded.
Tha cane toad stin's ye but does nay damage.
Tha eye o' devastation be 'ngulfed in freezin' vapours.
Ye regain'd 2 hp, an' now haf 62/103 hp.
Ye hit tha cane toad.
Ye feel better.
Tha cane toad be almost dead.
Tha cane toad stin's ye but does nay damage.
Ye regain'd 2 hp, an' now haf 64/103 hp.
Ye hit tha cane toad.
Ye feel better.
Tha cane toad be almost dead.
Ye block tha cane toad's attack.
Ye regain'd 3 hp, an' now haf 67/103 hp.
Ye hit tha cane toad.
Ye feel better.
Ye kill tha cane toad!
Tha eye o' devastation be 'ngulfed in freezin' vapours.
Ye hit tha eye o' devastation.
Ye feel better.
Tha eye o' devastation be severely wounded.
Ye hit tha eye o' devastation but do nay damage.
Tha eye o' devastation be severely wounded.
Ye hit tha eye o' devastation but do nay damage.
Tha eye o' devastation be severely wounded.
Tha eye o' devastation gazes at ye.
Tha bolt o' energy hits ye.
Ye take 2 damage, an' haf 68/103 hp.
Tha eye o' devastation gazes at ye.
Tha bolt o' energy hits ye!!!
* * * LOW HITPOINT WARNIN'
* * * Ye take 45 damage, an' haf 23/103 hp.
MASSIVE DAMAGE!!
Castin': Freezin' Cloud (dangerous; 4% risk o' failure) Confirm wit' . or Enter, or press ? or * ta list all spells.
An electric hum fills tha air.
* * * LOW HITPOINT WARNIN'
* * * Tha eye o' devastation gazes at ye.
Tha bolt o' energy hits ye!!
Ye die...
Yer body glows wit' a rainbow o' weird colours an' disappears.

###..<......
#.....†#...#
###..### ##
#....#
#...####
#....°§###.
##....○°°..
#.....☼§§..
##@.8.#...
#..G#####
#☼§## #§☼##
#§☼. ##§.
#... .. #. .
...G #.. #.
.. ...##. ..


You could see an eye of devastation (ally target) and a friendly lightning spire
(summoned).

Vanquished Creatures
  3 hydras
  Nergalle (D:10)
  4 death yaks (Lair:5)
  A goliath frog (Lair:6)
  2 lindwurms
  Maurice (D:10)
  2 elephants
  4 black mambas
  2 torpor snails
  12 cane toads
  Maggie (D:8)
  3 rime drakes
  6 komodo dragons
  A tyrant leech (Lair:6)
  2 polar bears
  3 meliai (Lair:4)
  A hornet (D:7)
  A queen bee (Lair:4)
  Grinder (D:3)
  3 dream sheep (Lair:5)
  24 blink frogs
  43 yaks
  Sigmund (D:2)
  3 wyverns
  Eustachio (D:6)
  Grum (D:8)
  5 basilisks
  4 vampire mosquitoes (Lair:6)
  Menkaure (Ossuary)
  9 water moccasins
  Duvessa (D:5)
  2 sky beasts
  2 black bears
  An ogre (D:6)
  A tengu (Lair:1)
  A necrophage (D:8)
  16 wolves
  A lemure (D:8)
  3 phantoms
  2 centaurs
  2 kobold brigands
  17 bullfrogs
  3 scorpions
  26 killer bees
  A water moccasin skeleton (D:5)
  3 wights (D:7)
  4 electric eels
  2 howler monkeys
  A jelly (D:8)
  2 centaur skeletons (D:6)
  An orc priest (D:4)
  A gnoll shaman (D:5)
  A hound (D:5)
  Natasha (thrice) (D:2)
  Ijyb (D:5)
  6 iguanas
  7 hell rats (Lair:4)
  A killer bee zombie (D:4)
  2 mummies
  2 howler monkey zombies
  Robin (D:2)
  6 gnolls
  3 adders
  A shadow imp (D:5)
  A white imp (D:6)
  2 ufetubi
  An adder skeleton (D:4)
  2 worms
  5 dart slugs
  9 orcs
  8 endoplasms
  5 giant cockroaches
  3 gnoll zombies (Ossuary)
  20 goblins
  10 hobgoblins
  17 kobolds
  3 quokkas
  6 ball pythons
  5 bats
  5 frilled lizards
  3 gnoll skeletons (Ossuary)
  6 goblin skeletons (Ossuary)
  3 goblin zombies (Ossuary)
  5 hobgoblin skeletons (Ossuary)
  6 hobgoblin zombies (Ossuary)
  2 kobold skeletons (Ossuary)
  5 kobold zombies (Ossuary)
  2 orc skeletons (Ossuary)
  4 orc zombies (Ossuary)
  8 rats
  6 rat skeletons (Ossuary)
  3 rat zombies (Ossuary)
428 creatures vanquished.

Vanquished Creatures (collateral kills)
  A dire elephant (Lair:3)
  Harold (Lair:2)
  A hydra (Lair:1)
  A catoblepas (Lair:3)
  A centaur warrior (D:8)
  A death yak (Lair:5)
  Pikel (D:8)
  A black mamba (Lair:6)
  2 elephants (Lair:4)
  4 cane toads
  A komodo dragon (Lair:5)
  2 polar bears
  6 blink frogs
  2 wyverns (D:8)
  A yak (Lair:1)
  3 basilisks
  2 vampire mosquitoes (Lair:3)
  An acid dragon (D:9)
  An orc warrior (D:8)
  4 water moccasins
  An ice beast (D:7)
  A necrophage (D:5)
  2 black bears
  A centaur (D:9)
  A bullfrog (Lair:1)
  A water moccasin zombie (D:5)
  2 wights (D:7)
  A jelly (D:5)
  A gnoll shaman (D:8)
  2 mummies (Ossuary)
  4 gnolls
  A dart slug (D:4)
  4 orcs (D:8)
  A bat (D:2)
  An orc skeleton (Ossuary)
  A rat zombie (Ossuary)
62 creatures vanquished.

Vanquished Creatures (others)
  A bush (Lair:6)
  90 fungi
  192 plants
  10 toadstools (Lair:3)
293 creatures vanquished.

Grand Total: 783 creatures vanquished

Notes
Turn   | Place    | Note
-------+----------+-------------------------------------------
     0 | D:1      | ProzacElf the Djinni Hedge Wizard began the quest for the
                  | Orb.
     0 | D:1      | Reached XP level 1. HP: 15/15 MP: 0/0
    24 | D:1      | Found a faded altar of an unknown god.
    32 | D:1      | Prayed at the altar of an unknown god.
    32 | D:1      | Became a worshipper of Nemelex Xobeh the Trickster
    32 | D:1      | Reached * piety under Nemelex Xobeh
   396 | D:1      | Reached XP level 2. HP: 20/21 MP: 0/0
   515 | D:1      | Received a gift from Nemelex Xobeh
   618 | D:1      | Reached XP level 3. HP: 9/25 MP: 0/0
   618 | D:1      | Learned a level 1 spell: Pain
  1539 | D:2      | Noticed Natasha
  1551 | D:2      | Killed Natasha
  1552 | D:2      | Reached XP level 4. HP: 11/31 MP: 0/0
  1964 | D:2      | Noticed Natasha
  1970 | D:2      | Killed Natasha
  1971 | D:2      | Reached XP level 5. HP: 16/35 MP: 0/0
  1971 | D:2      | Learned a level 2 spell: Passwall
  2455 | D:2      | Received a gift from Nemelex Xobeh
  2490 | D:2      | Noticed Natasha
  2498 | D:2      | Killed Natasha
  2502 | D:2      | Noticed Sigmund
  2967 | D:2      | Reached ** piety under Nemelex Xobeh
  3036 | D:2      | Noticed Robin
  3050 | D:2      | Killed Robin
  3352 | D:2      | Killed Sigmund
  3353 | D:2      | Reached XP level 6. HP: 38/40 MP: 0/0
  3457 | D:3      | Found a snail-covered altar of Cheibriados.
  3708 | D:3      | Received a gift from Nemelex Xobeh
  4001 | D:3      | Noticed Grinder
  4011 | D:3      | Killed Grinder
  4012 | D:3      | Reached skill level 5 in Stealth
  4012 | D:3      | Reached XP level 7. HP: 45/45 MP: 0/0
  4012 | D:3      | Learned a level 3 spell: Inner Flame
  4976 | D:4      | Reached skill level 1 in Invocations
  5282 | D:4      | Found an opulent altar of Gozag.
  5286 | D:4      | Found a broken altar of Ashenzari.
  5340 | D:4      | Received a gift from Nemelex Xobeh
  5936 | D:5      | Entered Level 5 of the Dungeon
  5971 | D:5      | Reached skill level 5 in Spellcasting
  5971 | D:5      | Reached skill level 2 in Invocations
  6128 | D:5      | Reached XP level 8. HP: 13/50 MP: 0/0
  6393 | D:5      | Reached skill level 3 in Invocations
  6613 | D:5      | Reached skill level 4 in Invocations
  6794 | D:5      | Reached *** piety under Nemelex Xobeh
  6795 | D:5      | Noticed Ijyb
  6823 | D:5      | Killed Ijyb
  7049 | D:5      | Found a glowing golden altar of the Shining One.
  7052 | D:5      | Noticed an angel
  7062 | D:5      | Found a basalt altar of Yredelemnul.
  7064 | D:5      | Noticed a profane servitor
  7092 | D:5      | Reached skill level 5 in Invocations
  8180 | D:5      | Received a gift from Nemelex Xobeh
  8221 | D:5      | Found a shadowy altar of Dithmenos.
  8225 | D:5      | Noticed Dowan
  8228 | D:5      | Noticed Duvessa
  8240 | D:5      | Killed Duvessa
  8241 | D:5      | Reached skill level 6 in Invocations
  8241 | D:5      | Noticed Dowan
  8241 | D:5      | Dowan changed into Dowan the killer bee
  8244 | D:5      | Killed Dowan the killer bee
  8436 | D:5      | Reached XP level 9. HP: 45/55 MP: 0/0
  8436 | D:5      | Learned a level 3 spell: Lesser Beckoning
  8685 | D:6      | Reached skill level 1 in Evocations
  8691 | D:6      | Reached skill level 7 in Invocations
  9070 | D:6      | Found a transporter.
  9191 | D:6      | Found a sand-covered staircase.
  9204 | Ossuary  | Entered an ossuary
  9214 | Ossuary  | Gained mutation: You sometimes lose the ability to read
                  | scrolls when taking damage. [potion of mutation]
  9454 | Ossuary  | Lost mutation: You sometimes lose the ability to read
                  | scrolls when taking damage. [potion of mutation]
  9454 | Ossuary  | Gained mutation: You occasionally shout uncontrollably at
                  | your foes. [potion of mutation]
  9454 | Ossuary  | Gained mutation: You have supernaturally acute eyesight.
                  | (SInv) [potion of mutation]
  9872 | Ossuary  | Noticed Menkaure
  9882 | Ossuary  | Killed Menkaure
 10199 | D:6      | Noticed Eustachio
 10679 | D:6      | Noticed freelancePsychic's ghost (amateur SpSu)
 10746 | D:6      | Found a transporter.
 10813 | D:6      | Reached skill level 8 in Invocations
 10866 | D:6      | Reached **** piety under Nemelex Xobeh
 11047 | D:6      | Killed Eustachio
 11327 | D:7      | Noticed a hornet
 11341 | D:7      | Killed a hornet
 11342 | D:7      | Reached skill level 5 in Evocations
 11666 | D:7      | Found Kechaux's Self-Improvement Boutique.
 11731 | D:7      | Found a staircase to the Ecumenical Temple.
 11796 | Temple   | Entered the Ecumenical Temple
 12066 | D:7      | Reached skill level 1 in Fighting
 12066 | D:7      | Reached XP level 10. HP: 40/62 MP: 0/0
 12090 | D:7      | HP: 1/62 [water moccasin (8)]
 12098 | D:7      | Reached skill level 9 in Invocations
 12614 | D:7      | Received a gift from Nemelex Xobeh
 13257 | D:8      | Noticed Grum
 13560 | D:8      | Killed Grum
 13741 | D:8      | Found a runed translucent door.
 13742 | D:8      | Noticed DemonSlayer's ghost (novice DEWz)
 13843 | D:8      | Noticed a black mamba
 13843 | D:8      | a troll changed into a black mamba
 13845 | D:8      | Killed a black mamba
 13846 | D:8      | Reached skill level 5 in Dodging
 13886 | D:8      | Found Asuqehu's Island Escapes.
 13894 | D:8      | Bought a scroll of fog for 28 gold pieces
 13894 | D:8      | Bought a scroll of teleportation for 42 gold pieces
 13894 | D:8      | Bought a scroll of teleportation for 42 gold pieces
 13894 | D:8      | Bought a scroll of fog for 28 gold pieces
 14044 | D:8      | Noticed a centaur warrior
 14070 | D:8      | Killed a centaur warrior
 14071 | D:8      | Reached skill level 5 in Fighting
 14071 | D:8      | Reached skill level 10 in Invocations
 14444 | D:8      | Noticed Pikel
 14474 | D:8      | Killed Pikel
 14475 | D:8      | Reached XP level 11. HP: 43/75 MP: 0/0
 14475 | D:8      | Learned a level 4 spell: Summon Lightning Spire
 14991 | D:8      | Found a staircase to the Lair.
 15258 | D:8      | Reached XP level 12. HP: 81/81 MP: 0/0
 15296 | D:8      | Received a gift from Nemelex Xobeh
 15296 | D:8      | Noticed Maggie
 15317 | D:8      | Killed Maggie
 15318 | D:8      | Reached skill level 11 in Invocations
 16357 | D:9      | Identified the +1 robe of Zin {Rampage Str+5 Dex+2}
 17542 | D:9      | Reached ***** piety under Nemelex Xobeh
 17542 | D:9      | Received a gift from Nemelex Xobeh
 17783 | D:10     | Entered Level 10 of the Dungeon
 17783 | D:10     | Noticed Nergalle
 18034 | D:10     | Noticed Maurice
 18304 | D:10     | Killed Maurice
 18340 | D:10     | Killed Nergalle
 18535 | Lair:1   | Entered Level 1 of the Lair of Beasts
 18555 | Lair:1   | HP: 3/81 [komodo dragon (25)]
 18996 | Lair:1   | Reached skill level 12 in Invocations
 19692 | Lair:1   | Found a runed translucent gate.
 19692 | Lair:1   | Found a runed translucent gate.
 19692 | Lair:1   | Found a runed translucent gate.
 19786 | Lair:1   | Noticed Dunwar's ghost (journeyman GnCK)
 19791 | Lair:1   | Noticed a six-headed hydra
 19810 | Lair:1   | Killed a six-headed hydra
 20222 | Lair:1   | Received a gift from Nemelex Xobeh
 20552 | Lair:2   | Noticed Harold
 20566 | Lair:2   | Killed Harold
 20980 | Lair:2   | Received a gift from Nemelex Xobeh
 21008 | Lair:2   | Reached XP level 13. HP: 72/85 MP: 0/0
 21008 | Lair:2   | Learned a level 5 spell: Freezing Cloud
 21265 | Lair:2   | Reached skill level 13 in Invocations
 21701 | Lair:2   | Received a gift from Nemelex Xobeh
 22241 | Lair:2   | Identified the +1 ring mail of the Orb {+Inv rF+ Str+4
                  | Dex-4}
 22713 | Lair:2   | Reached skill level 14 in Invocations
 23291 | Lair:3   | Noticed an eight-headed hydra
 23298 | Lair:3   | Killed an eight-headed hydra
 23884 | Lair:3   | Found a staircase to the Snake Pit.
 23912 | Lair:3   | Received a gift from Nemelex Xobeh
 24010 | Lair:3   | Found a staircase to the Swamp.
 24020 | Lair:3   | Noticed a four-headed hydra
 24031 | Lair:3   | Killed a four-headed hydra
 24297 | Lair:3   | Reached skill level 15 in Invocations
 24744 | Lair:3   | Noticed a dire elephant
 24744 | Lair:3   | Noticed a catoblepas
 25526 | Lair:3   | Found a runed translucent door.
 25779 | Lair:3   | Killed a catoblepas
 25862 | Lair:3   | Killed a dire elephant
 26674 | Lair:4   | Reached XP level 14. HP: 43/92 MP: 0/0
 26994 | Lair:4   | Reached skill level 10 in Spellcasting
 27289 | Lair:4   | Received a gift from Nemelex Xobeh
 28942 | Lair:5   | Received a gift from Nemelex Xobeh
 29129 | Lair:5   | Reached skill level 10 in Dodging
 29869 | Lair:5   | Received a gift from Nemelex Xobeh
 29986 | Lair:5   | Reached ****** piety under Nemelex Xobeh
 30721 | Lair:6   | Entered Level 6 of the Lair of Beasts
 32641 | Lair:6   | Reached XP level 15. HP: 94/103 MP: 0/0
 32641 | Lair:6   | Learned a level 6 spell: Iron Shot
 33405 | Lair:6   | Blown up by an eye of devastation

Illustrated notes

Levels and vault maps discovered:
D:1:      ebering_hopf_link, layout_loops_corners, basic_ecumenical_altar
D:2:      layout_rooms, serial_glass, glass_columns_c, glass_columns_c,
          kennysheep_generic_room_13, uniq_sigmund, uniq_robin, uniq_natasha
D:3:      layout_basic, kennysheep_slug_shrine, uniq_grinder
D:4:      layout_loops_ring, mainiacjoe_overflow_catwalk_spiral,
          chequers_serial_rivers_large_a, feat_on_display
D:5:      layout_cave_pods, grunt_temple_overflow_holy_war,
          nicolae_dithmenos_through_a_glass_darkly, st_stairs_3, uniq_ijyb,
          uniq_duvessa
D:6:      layout_loops_ring, gammafunk_ghost_stat_death,
          gup_ossuary_entry_pyramid, nicolae_benzene_ring, uniq_eustachio
D:7:      layout_loops_ring, lemuel_round_altar, temple_pool_b,
          nicolae_shop_self_help
D:8:      layout_basic, minmay_lair_entry_grove, ebering_ghost_inner_flame,
          minivault_19, nicolae_island_escapes, uniq_grum, uniq_pikel,
          uniq_maggie
D:9:      layout_stronghold
D:10:     layout_cave_pods, uniq_nergalle, uniq_erolcha, uniq_maurice
Temple:   regret_index_temple_generic_petals
Lair:1:   layout_regular_city, gammafunk_ghost_icy,
          chequers_serial_rivers_micro_c
Lair:2:   layout_cave_pods, gammafunk_lair_bear_cave, uniq_harold
Lair:3:   gammafunk_lair_enchanted_lake, layout_chaotic_city,
          minmay_swamp_entry_swarm, guppyfry_snake_entry_island
Lair:4:   layout_roguey [special_room_bee], basic_altar, serial_bayou_shore_b
Lair:5:   layout_regular_city, cheibrodos_lair_lostbears
Lair:6:   minmay_lair_end_frog_pond, layout_long_grid, minmay_slime_entry_eyes,
          infiniplex_staircase_pool_2

Skill      XL: |  1  2  3  4  5  6  7  8  9 10 11 12 13 14 15 |
---------------+----------------------------------------------+-----
Stealth        | 2 3 4 5 7 |  7.8
Spellcasting   | 3 4 5 9 10 | 10.0
Invocations    | 2 6 8 10 12 15 | 15.0
Evocations     | 5 6 8 |  8.0
Fighting       | 1 5 7 8 |  8.3
Dodging        | 5 7 8 10 | 10.0

Action                   |  1- 3 |  4- 6 |  7- 9 | 10-12 | 13-15 || total
-------------------------+-------+-------+-------+-------+-------++-------
Melee: Dagger            |     3 |       |       |    39 |   104 ||   146
       Punch             |     2 |     3 |     8 |     4 |       ||    17
       Short sword       |    31 |   144 |   348 |   240 |       ||   763
       Flail             |       |       |   166 |       |       ||   166
       Whip              |       |       |    21 |     3 |       ||    24
       Trident           |       |       |       |   138 |    86 ||   224
       Spear             |       |       |       |       |   358 ||   358
 Cast: Magic Dart        |    42 |    13 |    43 |    52 |    29 ||   179
       Call Imp          |     2 |     1 |     7 |     8 |       ||    18
       Mephitic Cloud    |       |     1 |     1 |     4 |       ||     6
       Pain              |       |       |     4 |       |     2 ||     6
       Blink             |       |       |     1 |     4 |     9 ||    14
       Conjure Flame     |       |       |       |     1 |       ||     1
       Summon Lightning  |       |       |       |     7 |    18 ||    25
       Freezing Cloud    |       |       |       |       |    93 ||    93
Invok: Draw Destruction  |       |     3 |    19 |    11 |    18 ||    51
       Draw Summoning    |       |       |     1 |    10 |     7 ||    18
       Draw Escape       |       |       |     1 |     3 |       ||     4
Evoke: Wand              |       |       |       |     1 |       ||     1
  Use: Scroll            |       |       |    13 |     5 |     2 ||    20
       Potion            |       |       |     7 |     3 |       ||    10
 Stab: Sleeping          |     5 |     4 |    15 |     5 |       ||    29
       Confused          |       |     4 |       |       |       ||     4
       Distracted        |       |       |     1 |     3 |     4 ||     8
       Petrifying        |       |       |       |     1 |       ||     1
Armor: Robe              |     5 |     9 |   175 |   115 |   189 ||   493
       Leather armour    |       |    19 |       |       |       ||    19
Dodge: Dodged            |    18 |    66 |   360 |   345 |   499 ||  1288
Block: Buckler           |       |       |       |    31 |   113 ||   144
